 Dungeon Crawl Stone Soup version 0.21.1-1-g345015f (webtiles) character file.

112 tidbits the Grave Robber (level 4, -2/32 HPs)
             Began as a Gnoll Necromancer on June 21, 2018.
             Slain by Grinder (5 damage)
             ... while paralysed by Grinder
             ... on level 3 of the Dungeon.
             The game lasted 00:04:57 (413 turns).

tidbits the Grave Robber (Gnoll Necromancer)         Turns: 413, Time: 00:04:58

Health: -2/32      AC:  2    Str: 10    XL:     4   Next: 93%
Magic:  11/11      EV:  2    Int: 19    God:
Gold:   49         SH:  0    Dex: 15    Spells: 5/13 levels left

rFire    . . .     SeeInvis .   g - +0 short sword
rCold    . . .     Gourm    .   (no shield)
rNeg     . . .     Faith    .   a - +0 robe
rPois    +         Spirit   .   (no helmet)
rElec    .         Reflect  .   (no cloak)
rCorr    .         Harm     .   (no gloves)
MR       .....                  (no boots)
Stlth    +++.......             (no amulet)
HPRegen  0.10/turn              f - ring of poison resistance
MPRegen  0.12/turn              (no ring)

@: paralysed
A: distributed training, fangs 1, strong nose
a: no special abilities


You were on level 3 of the Dungeon.
You were not hungry.

You visited 1 branch of the dungeon, and saw 5 of its levels.

You collected 49 gold pieces.

Inventory:

Hand Weapons
 g - a +0 short sword (weapon)
Missiles
 d - 12 stones (quivered)
 i - 19 arrows
 k - 7 tomahawks of returning
Armour
 a - a +0 robe (worn)
Jewellery
 f - a ring of poison resistance (left hand)
   (You found it on level 1 of the Dungeon)
Scrolls
 h - a scroll of magic mapping {unknown}
 j - 2 scrolls of fear
 l - a scroll of remove curse {unknown}
Books
 b - a book of Necromancy

   Spells                             Type                      Level
   a - Pain                           Necromancy                   1
   b - Animate Skeleton               Necromancy                   1
   c - Vampiric Draining              Necromancy                   3
   d - Regeneration                   Charms/Necromancy            3
   e - Animate Dead                   Necromancy                   4
   f - Borgnjor's Vile Clutch         Necromancy/Earth             5
Comestibles
 c - 5 rations


   Skills:
 + Level 1.2 Fighting
 + Level 1.2 Short Blades
 + Level 1.2 Long Blades
 + Level 1.2 Axes
 + Level 1.2 Maces & Flails
 + Level 1.2 Polearms
 + Level 1.2 Staves
 + Level 1.2 Slings
 + Level 1.2 Bows
 + Level 1.2 Crossbows
 + Level 1.2 Throwing
 + Level 1.2 Armour
 + Level 4.7 Dodging
 + Level 4.3 Stealth
 + Level 1.2 Shields
 + Level 1.2 Unarmed Combat
 + Level 5.1 Spellcasting
 + Level 1.0 Conjurations
 + Level 1.0 Hexes
 + Level 1.0 Charms
 + Level 1.0 Summonings
 + Level 7.1 Necromancy
 + Level 1.0 Translocations
 + Level 1.0 Transmutations
 + Level 1.0 Fire Magic
 + Level 1.0 Ice Magic
 + Level 1.0 Air Magic
 + Level 1.0 Earth Magic
 + Level 1.0 Poison Magic
 + Level 1.4 Invocations
 + Level 1.2 Evocations


You had 5 spell levels left.
You knew the following spells:

 Your Spells              Type           Power        Failure   Level  Hunger
a - Pain                  Necr           ####         1%          1    None
d - Vampiric Draining     Necr           ####......   1%          3    ##.....
n - Animate Skeleton      Necr           N/A          1%          1    None
r - Regeneration          Chrm/Necr      ###.......   7%          3    ##.....


Dungeon Overview and Level Annotations

Branches:
Dungeon (5/15)
 Temple: D:4-7

Altars:

Annotations:
D:3 Grinder


Innate Abilities, Weirdness & Mutations

Your experience applies equally to all skills.
You have very sharp teeth.
Your uncanny sense of smell can sniff out nearby items.


Message History

There is a stone staircase leading down here.
Unknown command.
You climb downwards.
There is a stone staircase leading up here.
Unknown command.
Found 14 poisoned needles.
A giant cockroach comes into view.
Okay, then.
You see here 14 poisoned needles.
Casting: Pain
Confirm with . or Enter, or press ? or * to list all spells.
Aiming: Pain
Press: ? - help, Shift-Dir - straight line, f - giant cockroach
Aim: a giant cockroach (resting, chance to defeat MR: 93%)
The giant cockroach writhes in agony!
You kill the giant cockroach!
An ogre comes into view. It is wielding a giant club.
Unknown command.
A howler monkey comes into view.
Found 7 gold pieces.
A worm comes into view.
Found 7 tomahawks of returning.
Unknown command.
The helpless howler monkey fails to defend itself.
You puncture the howler monkey!
The howler monkey is almost dead.
The howler monkey closely misses you.
The howler monkey hoots and howls with incredible vigour!
You hear a shout! x3; You hear an angry hiss.
You hear a shout! x3
Casting: Pain
Confirm with . or Enter, or press ? or * to list all spells.
Aiming: Pain
Press: ? - help, Shift-Dir - straight line, f - howler monkey
Aim: a howler monkey (almost dead, catching its breath, chance to defeat MR: 89%)
The howler monkey writhes in agony!
You kill the howler monkey!
Your Conjurations skill increases to level 1!
Your Hexes skill increases to level 1!
Your Charms skill increases to level 1!
Your Summonings skill increases to level 1!
Your Translocations skill increases to level 1!
Your Transmutations skill increases to level 1!
Your Fire Magic skill increases to level 1!
Your Ice Magic skill increases to level 1!
Your Air Magic skill increases to level 1!
Your Earth Magic skill increases to level 1!
Your Poison Magic skill increases to level 1!
A gnoll comes into view. It is wielding a flail.
The gnoll shouts!
Unknown command.
You see here 7 tomahawks of returning.
k - 7 tomahawks of returning A gnoll comes into view.
It is wielding a rapier.
The gnoll moves out of view.
Unknown command.
Unknown command.
Unknown command.
There is a stone staircase leading up here.
The gnoll closely misses you.
You climb upwards.
There is a stone staircase leading down here.
Unknown command.
You see here a hound corpse.
Casting: Pain
Confirm with . or Enter, or press ? or * to list all spells.
Your skin crawls.
Your skin is crawling a little less now.
Your skin stops crawling.
Found a ration.
Found a scroll labeled RUUDDU MIDUMU.
You see here a scroll labeled RUUDDU MIDUMU.
l - a scroll labeled RUUDDU MIDUMU You see here a ration.
c - 5 rations (gained 1) Unknown command.
Found a stone staircase leading up.
Found 11 gold pieces.
There is a stone staircase leading up here.
You climb upwards.
Grinder comes into view.
There is a stone staircase leading down here.
Wield which item (- for none, * to show all)? (? for menu, Esc to quit)
Okay, then.
The helpless Grinder fails to defend herself.
You puncture Grinder!
Grinder is moderately wounded.
Grinder gestures at you. Pain shoots through your body!
Okay, then.
It was a potion of heal wounds.
You feel much better. Grinder hits you!
You writhe in agony.
You closely miss Grinder.
Grinder is moderately wounded.
Grinder gestures at you.
You suddenly lose the ability to move!
Grinder hits you!
* * * LOW HITPOINT WARNING * * *
You writhe in agony.
* * * LOW HITPOINT WARNING * * *
Grinder hits you.
You die...

# # # ####.### ####...
.. ..# ..##.##.# #.#
#.......####.# #
#.##.###...#.#.#
#.##.##.# #..#.#####
#.#.....# #.....@..#
#.#..##.###..#...5......
#.#.......>..#.########.
#.#.#####.####. ..#. #.#
# #. #.# #. #.# #.# #.#


You could see Grinder.

Vanquished Creatures
  A howler monkey (D:5)
  A hound (D:4)
  An iguana (D:4)
  An adder (D:3)
  A giant cockroach (D:5)
  2 kobolds
  A ball python (D:4)
  2 goblins (D:2)
  2 rats
12 creatures vanquished.

Notes
Turn   | Place    | Note
-------+----------+-------------------------------------------
     0 | D:1      | tidbits the Gnoll Necromancer began the quest for the Orb.
     0 | D:1      | Reached XP level 1. HP: 13/13 MP: 6/6
   137 | D:3      | Reached XP level 2. HP: 14/20 MP: 1/7
   140 | D:3      | Learned a level 1 spell: Animate Skeleton
   199 | D:4      | Reached skill level 5 in Spellcasting
   199 | D:4      | Reached skill level 1 in Invocations
   199 | D:4      | Reached XP level 3. HP: 16/25 MP: 3/9
   204 | D:4      | Learned a level 3 spell: Vampiric Draining
   208 | D:4      | Learned a level 3 spell: Regeneration
   276 | D:4      | Reached skill level 1 in Fighting
   276 | D:4      | Reached skill level 1 in Short Blades
   276 | D:4      | Reached skill level 1 in Long Blades
   276 | D:4      | Reached skill level 1 in Axes
   276 | D:4      | Reached skill level 1 in Maces & Flails
   276 | D:4      | Reached skill level 1 in Polearms
   276 | D:4      | Reached skill level 1 in Staves
   276 | D:4      | Reached skill level 1 in Slings
   276 | D:4      | Reached skill level 1 in Bows
   276 | D:4      | Reached skill level 1 in Crossbows
   276 | D:4      | Reached skill level 1 in Throwing
   276 | D:4      | Reached skill level 1 in Armour
   276 | D:4      | Reached skill level 1 in Shields
   276 | D:4      | Reached skill level 1 in Unarmed Combat
   276 | D:4      | Reached skill level 1 in Evocations
   276 | D:4      | Reached XP level 4. HP: 18/32 MP: 2/11
   283 | D:5      | Entered Level 5 of the Dungeon
   301 | D:5      | Noticed an ogre
   318 | D:5      | Reached skill level 1 in Conjurations
   318 | D:5      | Reached skill level 1 in Hexes
   318 | D:5      | Reached skill level 1 in Charms
   318 | D:5      | Reached skill level 1 in Summonings
   318 | D:5      | Reached skill level 1 in Translocations
   318 | D:5      | Reached skill level 1 in Transmutations
   318 | D:5      | Reached skill level 1 in Fire Magic
   318 | D:5      | Reached skill level 1 in Ice Magic
   318 | D:5      | Reached skill level 1 in Air Magic
   318 | D:5      | Reached skill level 1 in Earth Magic
   318 | D:5      | Reached skill level 1 in Poison Magic
   408 | D:3      | Noticed Grinder
   411 | D:3      | Paralysed by Grinder for 5 turns
   412 | D:3      | HP: 3/32 [Grinder (5)]
   413 | D:3      | Slain by Grinder

Skill      XL: |  1  2  3  4 |
---------------+-------------+-----
Spellcasting   | 5 |  5.1
Invocations    | 1 |  1.4
Fighting       | 1 |  1.2
Short Blades   | 1 |  1.2
Long Blades    | 1 |  1.2
Axes           | 1 |  1.2
Maces & Flails | 1 |  1.2
Polearms       | 1 |  1.2
Staves         | 1 |  1.2
Slings         | 1 |  1.2
Bows           | 1 |  1.2
Crossbows      | 1 |  1.2
Throwing       | 1 |  1.2
Armour         | 1 |  1.2
Shields        | 1 |  1.2
Unarmed Combat | 1 |  1.2
Evocations     | 1 |  1.2
Conjurations   | 1 |  1.0
Hexes          | 1 |  1.0
Charms         | 1 |  1.0
Summonings     | 1 |  1.0
Translocations | 1 |  1.0
Transmutations | 1 |  1.0
Fire Magic     | 1 |  1.0
Ice Magic      | 1 |  1.0
Air Magic      | 1 |  1.0
Earth Magic    | 1 |  1.0
Poison Magic   | 1 |  1.0
Dodging        | |  4.7
Stealth        | |  4.3
Necromancy     | |  7.1

Action                   |  1- 3 |  4- 6 || total
-------------------------+-------+-------++-------
Melee: Short sword       |       |     3 ||     3
 Cast: Pain              |    18 |     3 ||    21
       Regeneration      |       |     1 ||     1
  Use: Scroll            |     1 |       ||     1
       Potion            |       |     1 ||     1
 Stab: Sleeping          |       |     2 ||     2
Dodge: Dodged            |     1 |     2 ||     3

Table legend:
 A = Turns spent in this place as a percentage of turns spent in the entire game.
 B = Non-inter-level travel turns spent in this place as a percentage of non-inter-level travel turns spent in the entire game.
 C = Inter-level travel turns spent in this place as a percentage of turns spent in this place.
 D = Turns resting spent in this place as a percentage of non-inter-level travel turns spent in this place.
 E = Turns spent auto-exploring this place as a percentage of non-inter-level travel turns spent in this place.
 F = Non-inter-level travel turns spent in this place divided by the number of levels of this place that you've seen.
                   A       B       C       D       E      F
               +-------+-------+-------+-------+-------+----------------------
         Total | 100.0 | 100.0 |   0.0 |   0.0 |   0.0 |  82.6
       Dungeon | 100.0 | 100.0 |   0.0 |   0.0 |   0.0 |  82.6
               +-------+-------+-------+-------+-------+----------------------

Table legend:
 A = Kills in this place as a percentage of kills in entire the game.
 B = Kills by you in this place as a percentage of kills by you in the entire game.
 C = Kills by friends in this place as a percentage of kills by friends in the entire game.
 D = Other kills in this place as a percentage of other kills in the entire game.
 E = Experience gained in this place as a percentage of experience gained in the entire game.
 F = Experience gained in this place divided by the number of levels of this place that you have seen.
                   A       B       C       D       E      F
               +-------+-------+-------+-------+-------+----------------------
         Total | 100.0 | 100.0 |   N/A |   N/A | 100.0 |  32.0
       Dungeon | 100.0 | 100.0 |   N/A |   N/A | 100.0 |  32.0
               +-------+-------+-------+-------+-------+----------------------

Vault maps used:
D:1:      evilmike_arrival_crescent, dk_noncrumbling_4
D:2:      kennysheep_nondescript, nrook_loot_triangle
D:3:      first_ration, uniq_natasha, uniq_grinder, uniq_terence
D:5:      tso_metal_star, serial_shops, shop, kennysheep_windowed_goal,
          uniq_ijyb
